 Dungeon Crawl Stone Soup version 0.20.1-1-g8b1a95d (webtiles) character file.

1173 tirato the Ruffian (level 8, -7/58 HPs)
             Began as a Demonspawn Fighter on July 18, 2017.
             Killed by divine providence
             ... invoked by an orc priest
              (11 damage)
             ... on level 5 of the Dungeon.
             The game lasted 00:15:55 (4490 turns).

tirato the Ruffian (Demonspawn Fighter)             Turns: 4490, Time: 00:15:57

Health: -7/58      AC: 14    Str: 18    XL:     8   Next: 18%
Magic:  8/8        EV:  7    Int: 10    God:
Gold:   235        SH: 10    Dex: 13    Spells: 7/7 levels left

rFire    . . .     SeeInvis +     - Unarmed
rCold    . . .     Gourm    .   b - +0 shield
rNeg     . . .     Faith    +   a - +0 scale mail
rPois    .         Spirit   .   H - +0 helmet
rElec    .         Reflect  .   (no cloak)
rCorr    +         Harm     .   z - +0 pair of gloves
MR       .....                  (no boots)
Stlth    ..........             v - amulet of faith
Regen    0.2/turn               l - ring of resist corrosion
MPRegen  0.2/turn               F - ring of see invisible

@: sanguine armour
A: claws 2, spiny 1, rot immunity, sanguine armour 1
a: no special abilities


You were on level 5 of the Dungeon.
You were not hungry.

You visited 2 branches of the dungeon, and saw 6 of its levels.

You collected 235 gold pieces.

Inventory:

Armour
 a - a +0 scale mail (worn)
 b - a +0 shield (worn)
 z - a +0 pair of gloves (worn)
 H - a +0 helmet (worn)
Jewellery
 l - a ring of resist corrosion (left hand)
 v - an amulet of faith (around neck)
 F - a ring of see invisible (right hand)
Wands
 t - a wand of polymorph (8/24)
 C - a wand of paralysis (12/24)
Scrolls
 f - a scroll of recharging {unknown}
 g - a scroll of blinking {unknown}
 i - 7 scrolls of identify {unknown}
 j - 2 scrolls of teleportation {unknown}
 o - 2 scrolls of amnesia {unknown}
 r - a scroll of remove curse {unknown}
 s - a scroll of magic mapping {unknown}
 w - a scroll of immolation {unknown}
 y - a scroll of enchant armour {unknown}
 A - a scroll of fog {unknown}
 B - a scroll of random uselessness {unknown}
 E - 2 scrolls of enchant weapon {unknown}
 I - 2 scrolls of fear {unknown}
Potions
 c - a potion of might
 e - 3 potions of lignification {unknown}
 k - 4 potions of curing {unknown}
 p - a potion of haste {unknown}
 q - 3 potions of brilliance {unknown}
 u - a potion of degeneration {unknown}
 x - a potion of heal wounds {unknown}
 G - a potion of mutation {unknown}
Comestibles
 d - 7 bread rations
 m - 3 meat rations
 n - 4 fruits
 D - 2 royal jellies


   Skills:
 + Level 3.1 Fighting
 - Level 2.6 Armour
 * Level 5.1 Shields
 + Level 7.9 Unarmed Combat


You had 7 spell levels left.
You didn't know any spells.

Dungeon Overview and Level Annotations

Branches:
Dungeon (5/15)             Temple (1/1) D:4

Altars:
Cheibriados
Elyvilon
Fedhas
Gozag
Hepliaklqana
Kikubaaqudgha
Makhleb
Nemelex Xobeh
Ru
Sif Muna
Xom
Yredelemnul
Zin
The Shining One


Innate Abilities, Weirdness & Mutations

You have very sharp fingernails.
You are partially covered in sharp spines.
You are immune to rotting.
When seriously injured, your bleeding wounds create armour. (AC +6)


Message History

The jackal bites you but does no damage.
You hear a bark!
You punch the jackal!
You kill the jackal!
The orc wizard mumbles some strange words.
The orc wizard blinks!
An orc priest comes into view. It is wielding a dagger.
You hit the orc.
The orc is heavily wounded.
The orc wizard hits you with a dagger.
* * * LOW HITPOINT WARNING * * *
The orc wizard hits you but does no damage.
You punch the orc wizard!
The orc wizard is almost dead.
You block the orc's attack.
The orc wizard is struck by your spines.
You kill the orc wizard!
The orc priest mumbles some strange prayers to Beogh against you.
Beogh smites you!
You die... .oo

#####.. #.#o###
#...... #.....#
#...... ###.#(#
#......
...#(########......
#.###o..............
...#ho.o.............
#..
#o#............... #.
#@#............... #.
#)#...............
#.#.........######
#.#.........# #
#.#.........# #
#.#.........# #
#.#.........# #
#.########### #.#


You could see an orc priest, 2 orcs and a jackal.

Vanquished Creatures
  Sigmund (D:2)
  Eustachio (D:5)
  An ice beast (D:4)
  A sky beast (D:4)
  A centaur (D:5)
  2 ogres (D:4)
  A crimson imp (D:5)
  An orc priest (D:5)
  A jelly (D:5)
  2 orc wizards (D:5)
  A gnoll shaman (D:3)
  5 worker ants
  A gnoll (D:1)
  3 adders (D:4)
  A shadow imp (D:5)
  An ooze (D:4)
  2 adder skeletons (D:4)
  3 worms
  2 dart slugs
  2 leopard geckos
  12 orcs
  5 bats
  4 giant cockroaches
  9 goblins
  3 hobgoblins (D:2)
  5 jackals
  2 quokkas
  A ball python (D:3)
  9 frilled lizards
  7 kobolds
  A quokka skeleton (D:4)
  9 rats
100 creatures vanquished.

Notes
Turn   | Place    | Note
-------+----------+-------------------------------------------
     0 | D:1      | tirato the Demonspawn Fighter began the quest for the Orb.
     0 | D:1      | Reached XP level 1. HP: 18/18 MP: 1/1
    25 | D:1      | Reached skill level 2 in Unarmed Combat
   204 | D:1      | Gained mutation: You are immune to rotting. [demonic ancestry]
   204 | D:1      | Reached XP level 2. HP: 16/24 MP: 2/2
   635 | D:1      | Reached skill level 3 in Unarmed Combat
   724 | D:1      | Gained mutation: You have sharp fingernails. [demonic ancestry]
   724 | D:1      | Reached XP level 3. HP: 25/29 MP: 3/3
  1095 | D:2      | Noticed Sigmund
  1111 | D:2      | Killed Sigmund
  1111 | D:2      | Reached skill level 5 in Unarmed Combat
  1111 | D:2      | Reached XP level 4. HP: 30/35 MP: 4/4
  1111 | D:2      | Gained mutation: When seriously injured, your bleeding wounds create armour. (AC +6) [demonic ancestry]
  1111 | D:2      | Reached XP level 5. HP: 35/41 MP: 5/5
  1272 | D:2      | Found a blossoming altar of Fedhas.
  1403 | D:2      | Found a deep blue altar of Sif Muna.
  1716 | D:3      | Found a hazy altar of Hepliaklqana.
  2022 | D:3      | Found a sacrificial altar of Ru.
  2398 | D:3      | Gained mutation: You are partially covered in sharp spines. [demonic ancestry]
  2398 | D:3      | Reached XP level 6. HP: 46/47 MP: 6/6
  2636 | D:4      | Reached skill level 6 in Unarmed Combat
  2792 | D:4      | Noticed a sky beast
  2809 | D:4      | Killed a sky beast
  2809 | D:4      | Reached XP level 7. HP: 27/52 MP: 7/7
  3119 | D:4      | Found a staircase to the Ecumenical Temple.
  3125 | Temple   | Entered the Ecumenical Temple
  3484 | D:4      | Found an ancient bone altar of Kikubaaqudgha.
  3642 | D:4      | Reached skill level 7 in Unarmed Combat
  3932 | D:5      | Entered Level 5 of the Dungeon
  4169 | D:5      | Noticed Eustachio
  4233 | D:5      | Killed Eustachio
  4233 | D:5      | Reached skill level 5 in Shields
  4233 | D:5      | Gained mutation: You have very sharp fingernails. [demonic ancestry]
  4233 | D:5      | Reached XP level 8. HP: 20/58 MP: 8/8
  4490 | D:5      | Killed from afar by an orc priest

Skill      XL: |  1  2  3  4  5  6  7 |
---------------+----------------------+-----
Unarmed Combat | 2 3 5 6 7 |  7.9
Shields        | 3 5 |  5.1
Fighting       | |  3.1
Armour         | |  2.6

Action                   |  1- 3 |  4- 6 |  7- 9 || total
-------------------------+-------+-------+-------++-------
Melee: Unarmed           |    98 |   149 |   156 ||   403
  Eat: Chunk             |     1 |     4 |     2 ||     7
       Fruit             |       |     1 |       ||     1
       Bread ration      |       |       |     1 ||     1
Armor: Scale mail        |    48 |    46 |    45 ||   139
Dodge: Dodged            |    31 |    31 |    38 ||   100
Block: Shield            |    57 |    59 |    60 ||   176
